| TOP OF THE 1ST |
|
UCLA Bruins batting - Pitching for Fresno State University Bulldogs : LHP Nick Chappell
|
|
Pitching: LHP Nick Chappell
|
|
|
Batting: RHB Hidesuke Yoshida
|
0-0: Ball 1-0: DOUBLE (Groundball, 5L, EV 105.6 MPH)
|
|
Batting: RHB Benedikt Fleischmann
|
0-0: Ball 1-0: Ball 2-0: Ball 3-0: Called Strike 3-1: Foul Ball, location: 2F 3-2: Base on Balls
|
|
Batting: RHB Xavier Reeves
|
0-0: Ball 1-0: Called Strike 1-1: Ball 2-1: Ball 3-1: Fly out, F8 (Flyball, 8RM, EV 78.8 MPH)
|
|
Batting: RHB Juan Carrillo
|
0-0: DOUBLE (Line Drive, 7LM, EV 110.0 MPH) Hidesuke Yoshida scores Benedikt Fleischmann to third
|
|
Batting: RHB Angel Melendez
|
0-0: Ball 1-0: Ball 2-0: Fly out, F9 (Flyball, 9, EV 86.9 MPH)
|
|
Batting: RHB Issac Konol
|
0-0: Foul Ball, location: 2F 0-1: Swinging Strike 0-2: Strikes out swinging
|
| Top of the 1st over - 1 run, 2 hits, 0 errors, 2 left on base; UCLA 1 - Fresno State University 0 |
| BOTTOM OF THE 1ST |
|
Fresno State University Bulldogs batting - Pitching for UCLA Bruins : RHP Billy McKinzie
|
|
Pitching: RHP Billy McKinzie
|
|
|
Batting: RHB Jaquan Brown
|
0-0: Called Strike 0-1: Ball 1-1: Ball 2-1: Ball 3-1: Fly out, F8 (Flyball, 8LD, EV 97.5 MPH)
|
|
Batting: RHB Dou-wan Pan
|
0-0: Foul Ball, location: 2F 0-1: SINGLE (Line Drive, 8RS, EV 99.4 MPH)
|
|
Batting: LHB Ricardo Sandoval
|
0-0: Called Strike 0-1: Called Strike 0-2: Ball 1-2: DOUBLE (Flyball, 78D, EV 96.2 MPH) Dou-wan Pan to third Runner from 3rd tries for Home, SAFE, throw by LF to trailing runner, SAFE at third!
|
|
Batting: RHB John Carpenter
|
0-0: Ball 1-0: Ground out 6-3 (Groundball, 6, EV 93.8 MPH) Ricardo Sandoval scores
|
|
Batting: LHB Kevin Feldman
|
0-0: Ball 1-0: Ball 2-0: Foul Ball, location: 2F 2-1: Swinging Strike 2-2: Foul Ball, location: 2F 2-2: Ground out 4-3 (Groundball, 34, EV 103.8 MPH)
|
| Bottom of the 1st over - 2 runs, 2 hits, 0 errors, 0 left on base; UCLA 1 - Fresno State University 2 |
| TOP OF THE 2ND |
|
UCLA Bruins batting - Pitching for Fresno State University Bulldogs : LHP Nick Chappell
|
|
Batting: RHB Roman Lauder
|
0-0: DOUBLE (Flyball, 8RXD, EV 107.5 MPH)
|
|
Batting: RHB Carlos Murillo
|
0-0: Ball 1-0: 2-RUN HOME RUN (Flyball, 7D, EV 96.9 MPH), Distance : 371 ft
|
|
Batting: LHB Mark Cummings
|
0-0: Ball 1-0: Ball 2-0: Foul Ball, location: 2F 2-1: Foul Ball, location: 2F 2-2: Strikes out swinging
|
|
Batting: RHB Hidesuke Yoshida
|
0-0: Ball 1-0: Swinging Strike 1-1: Ground out U3 (Groundball, 3, EV 86.9 MPH)
|
|
Batting: RHB Benedikt Fleischmann
|
0-0: Swinging Strike 0-1: Ball 1-1: Called Strike 1-2: Fly out, F9 (Flyball, 89S, EV 87.5 MPH)
|
| Top of the 2nd over - 2 runs, 2 hits, 0 errors, 0 left on base; UCLA 3 - Fresno State University 2 |
| BOTTOM OF THE 2ND |
|
Fresno State University Bulldogs batting - Pitching for UCLA Bruins : RHP Billy McKinzie
|
|
Batting: RHB Homer Petropoulos
|
0-0: Called Strike 0-1: Ball 1-1: Fly out, F7 (Flyball, 78D, EV 96.9 MPH)
|
|
Batting: RHB Pete Goerge
|
0-0: Foul Ball, location: 2F 0-1: Ball 1-1: Ball 2-1: Ball 3-1: Foul Ball, location: 2F 3-2: Base on Balls
|
|
Batting: RHB Javier Brizuela
|
0-0: Ball 1-0: Foul Ball, location: 2F 1-1: Fly out, F8 (Flyball, 8LD, EV 81.9 MPH)
|
|
Batting: RHB Xin Zhang
|
0-0: Called Strike 0-1: Ball Passed Ball! Pete Goerge to second 1-1: Ball 2-1: Ball 3-1: Base on Balls
|
|
Batting: RHB Jaquan Brown
|
0-0: Ball 1-0: Foul Ball, location: 2F 1-1: Ball 2-1: Ground out 4-3 (Groundball, 34, EV 105.0 MPH)
|
| Bottom of the 2nd over - 0 runs, 0 hits, 0 errors, 2 left on base; UCLA 3 - Fresno State University 2 |
| TOP OF THE 3RD |
|
UCLA Bruins batting - Pitching for Fresno State University Bulldogs : LHP Nick Chappell
|
|
Batting: RHB Xavier Reeves
|
0-0: Foul Ball, location: 2F 0-1: SINGLE (Line Drive, 9LS, EV 103.8 MPH)
|
|
Batting: RHB Juan Carrillo
|
0-0: Ball Xavier Reeves steals 2nd base 1-0: Ball 2-0: Ball Wild Pitch! Xavier Reeves to third 3-0: Called Strike 3-1: Called Strike 3-2: Base on Balls
|
|
Batting: RHB Angel Melendez
|
0-0: Called Strike 0-1: Foul Ball, location: 2F 0-2: Foul Ball, location: 2F 0-2: SINGLE (Line Drive, 89M, EV 106.2 MPH) Xavier Reeves scores Juan Carrillo to second
|
|
Batting: RHB Issac Konol
|
0-0: Ball 1-0: Foul Ball, location: 2F 1-1: SINGLE (Line Drive, 34D, EV 96.2 MPH) Juan Carrillo to third Angel Melendez to second Runner from 3rd tries for Home, SAFE, throw by RF to home
|
|
Pitching: LHP Berry Caron
|
|
|
Batting: RHB Roman Lauder
|
0-0: Foul Ball, location: 2F 0-1: Foul Ball, location: 2F 0-2: Grounds into double play, 4-6-3 (Groundball, 34, EV 85.6 MPH) Angel Melendez to third
|
|
Batting: RHB Carlos Murillo
|
0-0: Ball 1-0: Foul Ball, location: 2F 1-1: Ball 2-1: 2-RUN HOME RUN (Flyball, 9D, EV 99.4 MPH), Distance : 367 ft
|
|
Batting: LHB Mark Cummings
|
0-0: Called Strike 0-1: Ball 1-1: Foul Ball, location: 2F 1-2: Foul Ball, location: 2F 1-2: Ball 2-2: Ball 3-2: DOUBLE (Line Drive, 89D, EV 108.1 MPH)
|
|
Pinch Runner at 2nd Scott Mullett:
|
|
|
Batting: RHB Hidesuke Yoshida
|
0-0: Ball 1-0: Ball 2-0: Ball 3-0: Base on Balls
|
|
Batting: RHB Benedikt Fleischmann
|
0-0: Ball 1-0: Ball 2-0: Swinging Strike 2-1: Foul Ball, location: 2F 2-2: Ball 3-2: Foul Ball, location: 2F 3-2: Base on Balls Scott Mullett to third Hidesuke Yoshida to second
|
|
Batting: RHB Xavier Reeves
|
0-0: Called Strike 0-1: Ball 1-1: Fly out, F3 (Line Drive, 3, EV 69.4 MPH)
|
| Top of the 3rd over - 4 runs, 5 hits, 0 errors, 3 left on base; UCLA 7 - Fresno State University 2 |
| BOTTOM OF THE 3RD |
|
Fresno State University Bulldogs batting - Pitching for UCLA Bruins : RHP Billy McKinzie
|
|
Now in LF: Bill Helmer
|
|
|
Batting: RHB Dou-wan Pan
|
0-0: Swinging Strike 0-1: DOUBLE (Line Drive, 89D, EV 111.2 MPH)
|
|
Batting: LHB Ricardo Sandoval
|
0-0: Called Strike 0-1: Ball 1-1: Ball 2-1: Ball 3-1: Foul Ball, location: 2F 3-2: Strikes out looking
|
|
Batting: RHB John Carpenter
|
0-0: Ball 1-0: Swinging Strike 1-1: Swinging Strike 1-2: Strikes out swinging
|
|
Batting: LHB Kevin Feldman
|
0-0: Ball 1-0: Called Strike 1-1: Called Strike 1-2: Strikes out looking
|
| Bottom of the 3rd over - 0 runs, 1 hit, 0 errors, 1 left on base; UCLA 7 - Fresno State University 2 |
| TOP OF THE 4TH |
|
UCLA Bruins batting - Pitching for Fresno State University Bulldogs : LHP Berry Caron
|
|
Batting: RHB Juan Carrillo
|
0-0: Ground out 5-3 (Groundball, 56S, EV 83.1 MPH)
|
|
Batting: RHB Angel Melendez
|
0-0: Foul Ball, location: 2F 0-1: Fly out, F9 (Flyball, 9, EV 82.5 MPH)
|
|
Batting: RHB Issac Konol
|
0-0: Ball 1-0: Swinging Strike 1-1: Ball 2-1: Swinging Strike 2-2: Strikes out swinging
|
| Top of the 4th over - 0 runs, 0 hits, 0 errors, 0 left on base; UCLA 7 - Fresno State University 2 |
| BOTTOM OF THE 4TH |
|
Fresno State University Bulldogs batting - Pitching for UCLA Bruins : RHP Billy McKinzie
|
|
Batting: RHB Homer Petropoulos
|
0-0: Ball 1-0: Ball 2-0: Swinging Strike 2-1: Foul Ball, location: 2F 2-2: Ground out 6-3 (Groundball, 6, EV 108.1 MPH)
|
|
Batting: RHB Pete Goerge
|
0-0: Ball 1-0: Ball 2-0: Called Strike 2-1: Ball 3-1: Base on Balls
|
|
Batting: RHB Javier Brizuela
|
0-0: Called Strike 0-1: Called Strike 0-2: Ball 1-2: 2-RUN HOME RUN (Flyball, 7D, EV 94.4 MPH), Distance : 367 ft
|
|
Batting: RHB Xin Zhang
|
0-0: Called Strike 0-1: Ball 1-1: SINGLE (Line Drive, 8LS, EV 91.9 MPH)
|
|
Batting: RHB Jaquan Brown
|
0-0: Ball 1-0: Ball 2-0: Fly out, F8 (Flyball, 8LXD, EV 101.2 MPH)
|
|
Pitching: RHP Juan Zatarain
|
|
|
Batting: RHB Dou-wan Pan
|
0-0: SINGLE (Line Drive, 4D, EV 106.9 MPH) Xin Zhang to second Runner from 2nd tries for 3rd, SAFE, no throw by CF
|
|
Batting: LHB Ricardo Sandoval
|
0-0: Foul Ball, location: 2F 0-1: Ball 1-1: Ball 2-1: Fielders Choice at 2nd, U4 (Groundball, 4M, EV 81.2 MPH)
|
| Bottom of the 4th over - 2 runs, 3 hits, 0 errors, 2 left on base; UCLA 7 - Fresno State University 4 |
| TOP OF THE 5TH |
|
UCLA Bruins batting - Pitching for Fresno State University Bulldogs : LHP Berry Caron
|
|
Batting: RHB Roman Lauder
|
0-0: Called Strike 0-1: Fly out, F8 (Flyball, 8RD, EV 103.1 MPH)
|
|
Batting: RHB Carlos Murillo
|
0-0: Foul Ball, location: 2F 0-1: Foul Ball, location: 2F 0-2: SINGLE (Popup, 34S, EV 78.8 MPH)
|
|
Pitching: RHP Paul Holder
|
|
|
Batting: LHB Bill Helmer
|
0-0: Ball Carlos Murillo steals 2nd base 1-0: Foul Ball, location: 2F 1-1: Foul Ball, location: 2F 1-2: Fly out, F8 (Flyball, 8RM, EV 86.2 MPH)
|
|
Batting: RHB Hidesuke Yoshida
|
0-0: Swinging Strike 0-1: Swinging Strike 0-2: Strikes out swinging
|
| Top of the 5th over - 0 runs, 1 hit, 0 errors, 1 left on base; UCLA 7 - Fresno State University 4 |
| BOTTOM OF THE 5TH |
|
Fresno State University Bulldogs batting - Pitching for UCLA Bruins : RHP Juan Zatarain
|
|
Batting: RHB John Carpenter
|
0-0: Ball 1-0: Ball 2-0: Ball 3-0: Called Strike 3-1: Fly out, F9 (Flyball, 9, EV 85.0 MPH)
|
|
Batting: LHB Kevin Feldman
|
0-0: Swinging Strike 0-1: Called Strike 0-2: Fly out, F8 (Line Drive, 78M, EV 91.2 MPH)
|
|
Batting: RHB Homer Petropoulos
|
0-0: Ball 1-0: Ball 2-0: Ball 3-0: Base on Balls
|
|
Batting: RHB Pete Goerge
|
0-0: Foul Ball, location: 2F 0-1: Ball 1-1: Swinging Strike 1-2: Foul Ball, location: 2F 1-2: Fly out, F5 (Popup, 56S, EV 75.0 MPH)
|
| Bottom of the 5th over - 0 runs, 0 hits, 0 errors, 1 left on base; UCLA 7 - Fresno State University 4 |
| TOP OF THE 6TH |
|
UCLA Bruins batting - Pitching for Fresno State University Bulldogs : RHP Paul Holder
|
|
Batting: RHB Benedikt Fleischmann
|
0-0: SINGLE (Groundball, 56S, EV 68.8 MPH) (infield hit)
|
|
Batting: RHB Xavier Reeves
|
0-0: Foul Ball, location: 2F 0-1: Ball 1-1: Foul Ball, location: 2F 1-2: Ball 2-2: Fly out, F8 (Flyball, 8LD, EV 108.8 MPH)
|
|
Batting: RHB Juan Carrillo
|
0-0: Called Strike 0-1: Called Strike 0-2: Foul Ball, location: 2F 0-2: Fielders Choice at 2nd, 4-6 (Groundball, 4, EV 107.5 MPH)
|
|
Batting: RHB Angel Melendez
|
0-0: Ball 1-0: Ball 2-0: Ball 3-0: Base on Balls Juan Carrillo to second
|
|
Batting: RHB Issac Konol
|
0-0: Ball 1-0: Fly out, F8 (Flyball, 8RD, EV 99.4 MPH)
|
| Top of the 6th over - 0 runs, 1 hit, 0 errors, 2 left on base; UCLA 7 - Fresno State University 4 |
| BOTTOM OF THE 6TH |
|
Fresno State University Bulldogs batting - Pitching for UCLA Bruins : RHP Juan Zatarain
|
|
Batting: RHB Javier Brizuela
|
0-0: Ball 1-0: SINGLE (Line Drive, 7S, EV 106.9 MPH)
|
|
Pitching: RHP Mark Crawford
|
|
|
Batting: RHB Xin Zhang
|
0-0: Ball 1-0: Called Strike 1-1: Swinging Strike 1-2: Ball 2-2: Ball 3-2: Foul Ball, location: 2F 3-2: Base on Balls Javier Brizuela to second
|
|
Batting: RHB Jaquan Brown
|
0-0: Called Strike 0-1: Ball 1-1: Swinging Strike 1-2: Foul Ball, location: 2F 1-2: Ball 2-2: Fly out, F9 (Flyball, 89M, EV 84.4 MPH)
|
|
Batting: RHB Dou-wan Pan
|
0-0: Ball 1-0: Called Strike 1-1: Ball 2-1: Fielders Choice at 2nd, 6-4 (Groundball, 6M, EV 81.2 MPH) Javier Brizuela to third
|
|
Batting: LHB Ricardo Sandoval
|
0-0: Ball 1-0: Ball 2-0: Called Strike 2-1: Foul Ball, location: 2F 2-2: Ball 3-2: Foul Ball, location: 2F 3-2: Foul Ball, location: 2F 3-2: Base on Balls Dou-wan Pan to second
|
|
Pitching: LHP Joe Landgraff
|
|
|
Batting: RHB John Carpenter
|
0-0: Fly out, F7 (Line Drive, 7D, EV 93.1 MPH)
|
| Bottom of the 6th over - 0 runs, 1 hit, 0 errors, 3 left on base; UCLA 7 - Fresno State University 4 |
| TOP OF THE 7TH |
|
UCLA Bruins batting - Pitching for Fresno State University Bulldogs : RHP Paul Holder
|
|
Batting: RHB Roman Lauder
|
0-0: Ball 1-0: Foul Ball, location: 2F 1-1: Ground out 4-3 (Groundball, 4, EV 103.1 MPH)
|
|
Batting: RHB Carlos Murillo
|
0-0: Called Strike 0-1: Ball 1-1: SINGLE (Line Drive, 3D, EV 103.1 MPH)
|
|
Batting: LHB Bill Helmer
|
0-0: Ball Pickoff Throw to First - Out! 1-3 CS 1-0: Reached on error, E6 (Groundball, 6, EV 108.8 MPH)
|
|
Batting: RHB Hidesuke Yoshida
|
0-0: Called Strike 0-1: Swinging Strike 0-2: Ball 1-2: DOUBLE (Line Drive, 9LS, EV 103.1 MPH) Bill Helmer to third Runner from 3rd tries for Home, SAFE, no throw by RF
|
|
Pitching: RHP Moos Jansen
|
|
|
Batting: RHB Benedikt Fleischmann
|
0-0: Ball 1-0: Called Strike 1-1: Swinging Strike 1-2: Ball 2-2: Foul Ball, location: 2F 2-2: Ball 3-2: Base on Balls
|
|
Batting: RHB Xavier Reeves
|
0-0: Ball 1-0: Fly out, F8 (Line Drive, 8RM, EV 88.1 MPH)
|
| Top of the 7th over - 1 run, 2 hits, 1 error, 2 left on base; UCLA 8 - Fresno State University 4 |
| BOTTOM OF THE 7TH |
|
Fresno State University Bulldogs batting - Pitching for UCLA Bruins : LHP Joe Landgraff
|
|
Batting: LHB Kevin Feldman
|
0-0: Ball 1-0: Ball 2-0: SOLO HOME RUN (Flyball, 7D, EV 96.9 MPH), Distance : 366 ft
|
|
Batting: RHB Homer Petropoulos
|
0-0: Ball 1-0: SOLO HOME RUN (Line Drive, 78XD, EV 115.6 MPH), Distance : 431 ft
|
|
Batting: RHB Pete Goerge
|
0-0: Swinging Strike 0-1: Foul Ball, location: 2F 0-2: Fly out, F7 (Flyball, 7, EV 96.9 MPH)
|
|
Batting: RHB Javier Brizuela
|
0-0: Ball 1-0: Ball 2-0: Called Strike 2-1: Ball 3-1: Ground out 6-3 (Groundball, 6, EV 101.9 MPH)
|
|
Batting: RHB Xin Zhang
|
0-0: Called Strike 0-1: Ball 1-1: Ball 2-1: Ground out 4-3 (Groundball, 4, EV 91.9 MPH)
|
| Bottom of the 7th over - 2 runs, 2 hits, 0 errors, 0 left on base; UCLA 8 - Fresno State University 6 |
| TOP OF THE 8TH |
|
UCLA Bruins batting - Pitching for Fresno State University Bulldogs : RHP Moos Jansen
|
|
Batting: RHB Juan Carrillo
|
0-0: Fly out, F5 (Popup, 56S, EV 72.5 MPH)
|
|
Batting: RHB Angel Melendez
|
0-0: Ball 1-0: Ball 2-0: Called Strike 2-1: Ball 3-1: SINGLE (Groundball, 6S, EV 65.6 MPH) (infield hit)
|
|
Batting: RHB Issac Konol
|
0-0: Ball 1-0: Ball 2-0: Called Strike 2-1: Fly out, F9 (Line Drive, 89M, EV 85.6 MPH)
|
|
Batting: RHB Roman Lauder
|
0-0: Foul Ball, location: 2F 0-1: Ball Angel Melendez steals 2nd base 1-1: Ball 2-1: Ball 3-1: Called Strike 3-2: Base on Balls
|
|
Batting: RHB Carlos Murillo
|
0-0: Called Strike 0-1: Ball 1-1: Ball 2-1: Ball 3-1: Base on Balls Angel Melendez to third Roman Lauder to second
|
|
Pitching: LHP Dan Luckhardt
|
|
|
Batting: LHB Bill Helmer
|
0-0: Ball 1-0: SINGLE (Flyball, 5D, EV 86.2 MPH) Angel Melendez scores Roman Lauder to third Carlos Murillo to second
|
|
Batting: RHB Hidesuke Yoshida
|
0-0: Ball 1-0: Fielders Choice at 2nd, 6-4 (Groundball, 56D, EV 80.0 MPH)
|
| Top of the 8th over - 1 run, 2 hits, 0 errors, 3 left on base; UCLA 9 - Fresno State University 6 |
| BOTTOM OF THE 8TH |
|
Fresno State University Bulldogs batting - Pitching for UCLA Bruins : LHP Joe Landgraff
|
|
Pitching: RHP Alex Rosales
|
|
|
Batting: RHB Jaquan Brown
|
0-0: Ball 1-0: Called Strike 1-1: Foul Ball, location: 2F 1-2: Ball 2-2: Foul Ball, location: 2F 2-2: Foul Ball, location: 2F 2-2: Foul Ball, location: 2F 2-2: Foul Ball, location: 2F 2-2: Ball 3-2: Fly out, F8 (Flyball, 8LD, EV 102.5 MPH)
|
|
Batting: RHB Dou-wan Pan
|
0-0: Called Strike 0-1: Foul Ball, location: 2F 0-2: Ball 1-2: Strikes out swinging
|
|
Batting: LHB Ricardo Sandoval
|
0-0: Called Strike 0-1: Swinging Strike 0-2: Ball 1-2: Ball 2-2: Fly out, F9 (Line Drive, 9S, EV 98.1 MPH)
|
| Bottom of the 8th over - 0 runs, 0 hits, 0 errors, 0 left on base; UCLA 9 - Fresno State University 6 |
| TOP OF THE 9TH |
|
UCLA Bruins batting - Pitching for Fresno State University Bulldogs : LHP Dan Luckhardt
|
|
Batting: RHB Benedikt Fleischmann
|
0-0: Called Strike 0-1: Reached via error on a dropped throw from 3B, E3 (Groundball, 5, EV 101.2 MPH)
|
|
Batting: RHB Xavier Reeves
|
0-0: Swinging Strike 0-1: Foul Ball, location: 2F 0-2: Strikes out swinging
|
|
Batting: RHB Juan Carrillo
|
0-0: Ground out 3-1 (Groundball, 34, EV 100.6 MPH) Benedikt Fleischmann to second
|
|
Batting: RHB Angel Melendez
|
0-0: Called Strike 0-1: Ball 1-1: Ball 2-1: Swinging Strike 2-2: Ball 3-2: Base on Balls
|
|
Batting: RHB Issac Konol
|
0-0: Called Strike 0-1: Swinging Strike 0-2: Strikes out looking
|
| Top of the 9th over - 0 runs, 0 hits, 1 error, 2 left on base; UCLA 9 - Fresno State University 6 |
| BOTTOM OF THE 9TH |
|
Fresno State University Bulldogs batting - Pitching for UCLA Bruins : RHP Alex Rosales
|
|
Pitching: RHP Kyle Mann
|
|
|
Batting: RHB John Carpenter
|
0-0: Ground out 4-3 (Groundball, 4, EV 111.2 MPH)
|
|
Pinch Hitting: LHB Chris Viehman
|
0-0: Called Strike 0-1: Ball 1-1: Ball 2-1: Ground out U3 (Groundball, 23, EV 81.2 MPH)
|
|
Batting: RHB Homer Petropoulos
|
0-0: Ball 1-0: Called Strike 1-1: Called Strike 1-2: Ball 2-2: Fly out, F4 (Line Drive, 34D, EV 71.2 MPH)
|
| Bottom of the 9th over - 0 runs, 0 hits, 0 errors, 0 left on base; UCLA 9 - Fresno State University 6 |
|